[Event "Titled Tuesday Blitz March 29 Early 2022"]
[White "Aaditya Dhingra"]
[Black "Fernandez, Daniel Howard"]
[WhiteFideId "25678191"]
[BlackFideId "5801605"]
[WhiteElo "1849"]
[BlackElo "2466"]
[Result "1-0"]
[Round "01"]
[TimeControl "180+1"]
[Date "2022.03.29"]
[WhiteClock "0:00:08"]
[BlackClock "0:00:13"]

1. e4 e5 2. Nf3 Nc6 3. Bb5 a6 4. Bxc6 dxc6 5. O-O Bg4 6. h3 h5 7. d3 Qf6 8. Nbd2 Ne7 9. Nc4 Bxf3 10. Qxf3 Qxf3 11. gxf3 Ng6 12. Rd1 O-O-O 13. Kf1 Be7 14. Be3 Bf6 15. a4 b6 16. Ke2 Rd7 17. Rd2 Kb7 18. c3 Rhd8 19. b4 Nf8 20. Rad1 Ne6 21. Na3 Bg5 22. d4 exd4 23. cxd4 Nf4+ 24. Bxf4 Bxf4 25. Rd3 g6 26. Nc4 Re7 27. d5 cxd5 28. Rxd5 Rxd5 29. Rxd5 f5 30. Kd3 c6 31. Rd8 b5 32. Na5+ Kc7 33. Rg8 Rd7+ 34. Kc2 Rd2+ 35. Kc3 Rxf2 36. Rg7+ Kc8 37. Nxc6 Rxf3+ 38. Kd4 bxa4 39. e5 a3 40. e6 Bc7 41. Rg8+ Kb7 42. e7 a2 43. e8=Q a1=Q+ 44. Kd5 Qd1+ 45. Nd4 Rd3 46. Qc6+ 1-0


[Site "https://www.chess.com"]

[Event "Titled Tuesday Blitz March 29 Early 2022"]
[White "Abdrlauf, Elham"]
[Black "Shuvalov, Evgenij"]
[WhiteFideId "1533533"]
[BlackFideId "4187237"]
[WhiteElo "2334"]
[BlackElo "2151"]
[Result "1/2-1/2"]
[Round "01"]
[TimeControl "180+1"]
[Date "2022.03.29"]
[WhiteClock "0:00:02"]
[BlackClock "0:00:16"]

1. e4 e6 2. d4 d5 3. Nd2 c5 4. exd5 exd5 5. Ngf3 Nc6 6. Bb5 Qe7+ 7. Qe2 Qxe2+ 8. Kxe2 a6 9. Bxc6+ bxc6 10. dxc5 Bxc5 11. Nb3 Be7 12. Be3 Nf6 13. Bc5 Ne4 14. Bxe7 Kxe7 15. Nfd2 Nd6 16. Nc5 Nf5 17. Ndb3 Kd6 18. Rhd1 a5 19. Ne4+ Ke7 20. Ng3 a4 21. Nxf5+ Bxf5 22. Nd4 Bd7 23. Kd2 Kd6 24. b4 axb3 25. axb3 c5 26. Ne2 Bc6 27. Ng3 g6 28. f3 Rxa1 29. Rxa1 Ra8 30. Rxa8 Bxa8 31. c3 h5 32. Ne2 h4 33. b4 Bc6 34. bxc5+ Kxc5 35. Ke3 Kc4 36. Kd2 Bd7 37. g3 hxg3 38. hxg3 g5 39. Nd4 f6 40. Nc2 Kc5 41. Nd4 Kc4 42. Ne2 Bf5 43. f4 gxf4 44. gxf4 Bg4 45. Nd4 Bd7 46. Nc2 Kc5 47. Nd4 Kc4 48. Nc2 Kc5 49. Ne1 d4 50. Nd3+ Kd5 51. Nf2 Kc4 52. cxd4 Kxd4 53. Ke2 Bf5 54. Kf3 Kd5 55. Nd1 Ke6 56. Ke3 Bg4 57. Nc3 Bf5 58. Kd4 Bc2 59. Nd5 Kf5 60. Ke3 Bb3 61. Nc3 Bc4 62. Ne4 Bd5 63. Nd2 Ke6 64. Nf1 Kf5 65. Ng3+ Ke6 66. Ne2 Bc6 67. Nd4+ Kd6 68. Nxc6 Kxc6 69. Ke4 Kd6 70. Kf5 Ke7 71. Ke4 Ke6 72. f5+ Kd6 73. Kd4 Kc6 74. Kc4 Kd6 75. Kd4 Kc6 76. Kc4 Kd6 77. Kd4 1/2-1/2


[Site "https://www.chess.com"]

[Event "Titled Tuesday Blitz March 29 Early 2022"]
[White "Aditya Mittal"]
[Black "Garcia Fuentes, Sergio Miguel"]
[WhiteFideId "35042025"]
[BlackFideId "7300549"]
[WhiteElo "2303"]
[BlackElo "2167"]
[Result "1-0"]
[Round "01"]
[TimeControl "180+1"]
[Date "2022.03.30"]
[WhiteClock "0:02:36"]
[BlackClock "0:00:51"]

1. d4 d5 2. c4 c6 3. Nc3 Nf6 4. cxd5 cxd5 5. f3 Nc6 6. e4 dxe4 7. d5 Ne5 8. fxe4 a6 9. Nf3 Bg4 10. Be2 Bxf3 11. gxf3 h5 12. f4 1-0


[Site "https://www.chess.com"]

[Event "Titled Tuesday Blitz March 29 Early 2022"]
[White "Al-Tarboush, Ward"]
[Black "Melikhov, Evgeny V."]
[WhiteFideId "7601450"]
[BlackFideId "4122046"]
[WhiteElo "2276"]
[BlackElo "1945"]
[Result "1-0"]
[Round "01"]
[TimeControl "180+1"]
[Date "2022.03.30"]
[WhiteClock "0:01:12"]
[BlackClock "0:00:55"]

1. e4 e5 2. Nf3 Nc6 3. Bb5 a6 4. Ba4 Nf6 5. O-O Nxe4 6. d4 b5 7. Bb3 d5 8. dxe5 Be6 9. Nbd2 Bc5 10. Nxe4 dxe4 11. Bxe6 Qxd1 12. Rxd1 fxe6 13. Ng5 O-O 14. Nxe4 Bb6 15. Be3 Bxe3 16. fxe3 Nxe5 17. Nc5 Nc4 18. Nxe6 Rf7 19. Rd4 Re8 20. Nd8 Rfe7 21. Rf1 Rxe3 22. Nc6 Re2 23. Rd7 Rf8 24. Ne7+ Rxe7 25. Rxe7 Rxf1+ 26. Kxf1 Nxb2 27. Rxc7 Nc4 28. Rc6 Kf7 29. Ke2 a5 30. Rc5 Na3 31. Kd3 Ke6 32. Rc7 Kf6 33. Ra7 Nc4 34. Kd4 h5 35. a4 Na3 36. Ra6+ Kf5 37. Rxa5 Nxc2+ 38. Kc3 Ne3 39. Rxb5+ Kg4 40. a5 Nxg2 41. a6 1-0


[Site "https://www.chess.com"]

[Event "Titled Tuesday Blitz March 29 Early 2022"]
[White "Andreikin, Dmitry"]
[Black "Coto Mederos, Michel"]
[WhiteFideId "4158814"]
[BlackFideId "3508528"]
[WhiteElo "2736"]
[BlackElo "2427"]
[Result "1-0"]
[Round "01"]
[TimeControl "180+1"]
[Date "2022.03.29"]
[WhiteClock "0:00:37"]
[BlackClock "0:00:07"]

1. d4 d5 2. c4 e6 3. Nc3 Nf6 4. cxd5 exd5 5. Bg5 Be7 6. e3 c6 7. Bd3 O-O 8. Nge2 Nbd7 9. O-O Re8 10. Qc2 Nf8 11. Rae1 Ng6 12. f3 h6 13. Bxh6 gxh6 14. Bxg6 fxg6 15. Qxg6+ Kh8 16. e4 Bf8 17. exd5 cxd5 18. Nf4 Bg7 19. Ncxd5 Bd7 20. Qf7 Bf5 21. g4 Qd7 22. Ne7 Qxd4+ 23. Kg2 Qxf4 24. Nxf5 Rg8 25. Ne7 Kh7 26. Qg6+ Kh8 27. Qd3 Bf8 28. Nxg8 Kxg8 29. Re6 Bg7 30. Rfe1 Rc8 31. Re7 Kh8 32. Rxb7 Rf8 33. Ree7 Nxg4 34. Qh7+ Kxh7 35. Rxg7+ Kh8 36. Rh7+ Kg8 37. Rbg7# 1-0


[Site "https://www.chess.com"]

[Event "Titled Tuesday Blitz March 29 Early 2022"]
[White "Aradhya, Garg"]
[Black "Miszler, Levente"]
[WhiteFideId "25006746"]
[BlackFideId "763276"]
[WhiteElo "2169"]
[BlackElo "1966"]
[Result "1-0"]
[Round "01"]
[TimeControl "180+1"]
[Date "2022.03.30"]
[WhiteClock "0:00:20"]
[BlackClock "0:00:09"]

1. d4 e6 2. Nf3 d5 3. c4 c6 4. Bg5 Be7 5. Bxe7 Nxe7 6. e3 Nd7 7. Nc3 Nf6 8. Rc1 Nf5 9. Bd3 Nd6 10. c5 Nde4 11. O-O O-O 12. Qc2 Nxc3 13. Qxc3 Re8 14. b4 Nd7 15. Rfe1 Qf6 16. e4 dxe4 17. Rxe4 h6 18. Rce1 Rd8 19. h4 Qe7 20. Ne5 Nf6 21. g3 Bd7 22. R4e2 Be8 23. a4 Nd5 24. Qd2 b6 25. Nc4 bxc5 26. bxc5 Rab8 27. Bc2 Rb4 28. Nd6 Rdb8 29. Qd3 g6 30. h5 Qf6 31. hxg6 Rxd4 32. gxf7+ Bxf7 33. Qh7+ Kf8 34. Nxf7 Qxf7 35. Qxh6+ Ke7 36. Rxe6+ Kd7 37. Rxc6 Rf8 38. Qd6# 1-0


[Site "https://www.chess.com"]

[Event "Titled Tuesday Blitz March 29 Early 2022"]
[White "Aravindh, Chithambaram VR."]
[Black "Kouskoutis, Georgios-Alexandros"]
[WhiteFideId "5072786"]
[BlackFideId "4234049"]
[WhiteElo "2561"]
[BlackElo "2130"]
[Result "0-1"]
[Round "01"]
[TimeControl "180+1"]
[Date "2022.03.29"]
[WhiteClock "0:00:02"]
[BlackClock "0:00:06"]

1. b3 Nf6 2. Bb2 d5 3. Nf3 e6 4. g3 Be7 5. Bg2 O-O 6. O-O c5 7. c4 Nc6 8. cxd5 Nxd5 9. Nc3 Nxc3 10. Bxc3 Bd7 11. Rc1 Rc8 12. d4 cxd4 13. Nxd4 Nxd4 14. Bxd4 Rxc1 15. Qxc1 Bb5 16. Qb2 Bf6 17. Bxf6 Qxf6 18. Qxf6 gxf6 19. Bxb7 Bxe2 20. Re1 Bh5 21. Rc1 Rd8 22. Rc5 Bg6 23. Bf3 Rd7 24. h4 h6 25. b4 Kf8 26. a4 Ke7 27. b5 e5 28. a5 e4 29. Bg4 Rb7 30. a6 Rb6 31. Rc7+ Kd6 32. Rxa7 Rxb5 33. h5 Bh7 34. Rxf7 Rb1+ 35. Kg2 Bg8 36. Rxf6+ Ke5 37. Rf5+ Kd4 38. a7 Ra1 39. Rf8 Bd5 40. Rd8 Ke5 41. Kh2 e3 42. Rxd5+ Kxd5 43. fxe3 Ke4 44. Bh3 Rxa7 45. Bg2+ Kxe3 46. Kh3 Rg7 47. Kh4 Kf2 48. Bd5 Rxg3 49. Ba8 Rg5 50. Bc6 Ke3 51. Bb7 Kf4 52. Ba8 Ra5 53. Bb7 Rb5 54. Ba8 Rb1 55. Kh3 Rb3+ 56. Kh2 Kg5 57. Bd5 Rb2+ 58. Kg3 Kxh5 59. Bf3+ Kg5 60. Bc6 h5 61. Kh3 Rb3+ 62. Kh2 Rd3 63. Be4 Re3 64. Bc6 Kg4 65. Bd7+ Kf4 66. Bc6 h4 67. Bd7 Rd3 68. Bc8 h3 69. Bxh3 Rd2+ 70. Bg2 Kg4 71. Kg1 Kg3 72. Bf1 Rd1 73. Kh1 Rxf1# 0-1


[Site "https://www.chess.com"]

[Event "Titled Tuesday Blitz March 29 Early 2022"]
[White "Atakhan, Abtin"]
[Black "Federzoni, Enzo"]
[WhiteFideId "22502203"]
[BlackFideId "2173301"]
[WhiteElo "2119"]
[BlackElo "1956"]
[Result "1-0"]
[Round "01"]
[TimeControl "180+1"]
[Date "2022.03.30"]
[WhiteClock "0:00:04"]
[BlackClock "0:00:16"]

1. c4 Nf6 2. g3 c5 3. Bg2 d5 4. cxd5 Nxd5 5. Nc3 Nxc3 6. bxc3 g6 7. Rb1 Qc7 8. h4 h6 9. Qa4+ Nd7 10. h5 g5 11. Nh3 Bg7 12. f4 g4 13. Nf2 O-O 14. Qc2 f5 15. e4 fxe4 16. Bxe4 Nf6 17. Bg2 e5 18. d3 c4 19. Rb5 exf4 20. Bxf4 Re8+ 21. Kf1 Qd7 22. dxc4 Qe6 23. Re5 Qxc4+ 24. Qd3 Qxd3+ 25. Nxd3 Rxe5 26. Bxe5 Bf5 27. Nf4 Rd8 28. Bxb7 Rd1+ 29. Ke2 Rd7 30. Bc8 Re7 31. Bxf5 Rxe5+ 32. Kd2 Rxf5 33. Ke3 Nxh5 34. Nxh5 Bxc3 35. Ke4 Rf3 36. Rd1 Kf7 37. Rd7+ Ke6 38. Rxa7 Be1 39. Nf4+ Kd6 40. Ne2 Bxg3 41. Ra6+ Kc5 42. Ra5+ Kb4 43. Rh5 Be1 44. Rxh6 g3 45. Kxf3 1-0


[Site "https://www.chess.com"]

[Event "Titled Tuesday Blitz March 29 Early 2022"]
[White "Babazada, Khazar"]
[Black "Karas, Marek"]
[WhiteFideId "13413554"]
[BlackFideId "14928558"]
[WhiteElo "2418"]
[BlackElo "2271"]
[Result "0-1"]
[Round "01"]
[TimeControl "180+1"]
[Date "2022.03.29"]
[WhiteClock "0:01:46"]
[BlackClock "0:00:59"]

1. Nf3 Nf6 2. e3 g6 3. d4 Bg7 4. c4 O-O 5. Nc3 d6 6. Be2 Nbd7 7. O-O e5 8. Qc2 exd4 9. exd4 Re8 10. h3 Nf8 11. Be3 Bf5 12. Qb3 Qc8 13. Rfe1 Ne4 14. Nxe4 Bxe4 15. Nd2 Bc6 16. Bf3 Bxf3 17. Nxf3 Nd7 18. Rac1 Nf6 19. c5 dxc5 20. dxc5 c6 21. Bd4 Nd5 22. Bxg7 Kxg7 23. Rxe8 Qxe8 24. Qxb7 Rb8 25. Qxa7 Rxb2 26. Qa4 Qe2 27. Qd4+ Nf6 28. Re1 Qc2 29. g4 h6 30. h4 g5 31. hxg5 hxg5 32. Qe5 Qxf2+ 0-1


[Site "https://www.chess.com"]

[Event "Titled Tuesday Blitz March 29 Early 2022"]
[White "Baches Garcia, Guillermo"]
[Black "Tsydypov, Zhamsaran"]
[WhiteFideId "2209764"]
[BlackFideId "4108566"]
[WhiteElo "2491"]
[BlackElo "2614"]
[Result "0-1"]
[Round "01"]
[TimeControl "180+1"]
[Date "2022.03.29"]
[WhiteClock "0:00:03"]
[BlackClock "0:01:32"]

1. e4 c6 2. d4 d5 3. exd5 cxd5 4. Bd3 Nc6 5. c3 g6 6. h3 Bg7 7. Nf3 f6 8. c4 e6 9. O-O Nge7 10. Re1 O-O 11. Nc3 a6 12. Bf4 Kh8 13. Qd2 e5 14. dxe5 fxe5 15. cxd5 Nxd5 16. Bg5 Qa5 17. Nxd5 Qxd5 18. Be4 Qxd2 19. Bxd2 Nd4 20. Rac1 Bf5 21. Nxd4 exd4 22. Bxb7 Rab8 23. Rc7 Rfe8 24. g4 Rxe1+ 25. Bxe1 Be6 26. b3 Re8 27. Bb4 h5 28. gxh5 gxh5 29. h4 Bf5 30. Re7 Rg8 31. Kf1 Bd3+ 32. Ke1 Bh6 33. Kd1 Bf5 34. Bd6 Rg1+ 35. Ke2 d3+ 36. Kf3 d2 37. Be5+ Kg8 38. Bd5+ Kf8 39. Rf7+ Ke8 0-1


[Site "https://www.chess.com"]

[Event "Titled Tuesday Blitz March 29 Early 2022"]
[White "Bacrot, Etienne"]
[Black "Dixit, Nikhil"]
[WhiteFideId "605506"]
[BlackFideId "5059534"]
[WhiteElo "2673"]
[BlackElo "2223"]
[Result "1-0"]
[Round "01"]
[TimeControl "180+1"]
[Date "2022.03.29"]
[WhiteClock "0:01:06"]
[BlackClock "0:01:02"]

1. e4 e6 2. Nf3 d5 3. exd5 exd5 4. d4 Nf6 5. Bd3 Bd6 6. Qe2+ Be6 7. Ng5 Qe7 8. Nxe6 fxe6 9. c3 Nbd7 10. f4 O-O 11. O-O c5 12. Nd2 g6 13. g3 Nh5 14. Nf3 Ng7 15. Bd2 c4 16. Bc2 Nf5 17. Rae1 Rae8 18. Qg2 Qg7 19. Re2 Re7 20. Rfe1 Rfe8 21. g4 Nh6 22. Ng5 Nf8 23. Kh1 a6 24. f5 exf5 25. Rxe7 Bxe7 26. gxf5 Nxf5 27. Qxd5+ Kh8 28. Nf7+ Kg8 1-0


[Site "https://www.chess.com"]

[Event "Titled Tuesday Blitz March 29 Early 2022"]
[White "Barrientos, Sergio E"]
[Black "Todorovic, Bojan"]
[WhiteFideId "4401824"]
[BlackFideId "917087"]
[WhiteElo "2397"]
[BlackElo "2266"]
[Result "1-0"]
[Round "01"]
[TimeControl "180+1"]
[Date "2022.03.30"]
[WhiteClock "0:00:18"]
[BlackClock "0:00:01"]

1. d4 d5 2. c4 dxc4 3. Nf3 a6 4. a4 Nc6 5. e3 Bg4 6. Bxc4 e6 7. h3 Bh5 8. Nbd2 Nf6 9. O-O Bd6 10. b3 O-O 11. Bb2 Nd5 12. Re1 Bb4 13. Rc1 Qe7 14. Be2 Rad8 15. Qc2 Bg6 16. Bd3 Bxd2 17. Qxd2 Qb4 18. Qxb4 Ncxb4 19. Bxg6 hxg6 20. e4 Nf4 21. Ba3 Nbd3 22. Bxf8 Kxf8 23. Rxc7 Nxe1 24. Nxe1 Rxd4 25. Rxb7 Rd1 26. Kf1 Rb1 27. Rd7 Rxb3 28. g3 Nxh3 29. Nd3 Ng5 30. Nc5 Rb1+ 31. Ke2 Rb4 32. f3 e5 33. Ra7 Rc4 34. Nd7+ Ke8 35. Nxe5 Rxa4 36. Nc6 Ra2+ 37. Ke3 Ne6 38. Ne5 Nd8 39. f4 a5 40. Ra8 Ke7 41. g4 Ra3+ 42. Kd2 Rg3 43. g5 Rg2+ 44. Ke3 Ra2 45. Ra7+ Ke8 46. Ra8 Ke7 47. Nd3 Ra3 48. Kd4 Ne6+ 49. Kc4 Ra4+ 50. Kc3 Rb4 51. Ra7+ Kd6 52. Nxb4 axb4+ 53. Kxb4 Nxf4 54. Rxf7 Ne6 55. Kc3 Nxg5 56. Rxg7 Nxe4+ 57. Kd4 Nf6 58. Rxg6 Ke6 59. Rh6 Kf5 60. Rh1 Ke6 61. Rf1 Nd5 62. Rg1 1-0


[Site "https://www.chess.com"]

[Event "Titled Tuesday Blitz March 29 Early 2022"]
[White "Bashirli, Saadat"]
[Black "Tan, Jun Ying"]
[WhiteFideId "13429990"]
[BlackFideId "5710413"]
[WhiteElo "1173"]
[BlackElo "1827"]
[Result "0-1"]
[Round "01"]
[TimeControl "180+1"]
[Date "2022.03.30"]
[WhiteClock "0:01:39"]
[BlackClock "0:01:17"]

1. d4 Nf6 2. Bg5 c5 3. dxc5 e6 4. e4 Bxc5 5. Nc3 Qb6 6. Qf3 Qxb2 7. Rb1 Qa3 8. Nb5 Qxf3 9. Nxf3 Na6 10. Bxf6 gxf6 11. Bd3 Ke7 12. O-O d6 13. Nd2 Bd7 14. Nc3 Nb4 15. a3 Nxd3 16. cxd3 Rab8 17. a4 a6 18. Ne2 Bxa4 19. d4 Ba7 20. Rb4 Bb5 21. Re1 Rhc8 22. Nf4 Bd7 23. d5 b5 24. dxe6 fxe6 25. Nf3 a5 26. Rbb1 Rc2 27. Nh4 0-1


[Site "https://www.chess.com"]

[Event "Titled Tuesday Blitz March 29 Early 2022"]
[White "Biletskiy, Danylo"]
[Black "Yoo, Christopher Woojin"]
[WhiteFideId "14155419"]
[BlackFideId "30909694"]
[WhiteElo "2087"]
[BlackElo "2105"]
[Result "0-1"]
[Round "01"]
[TimeControl "180+1"]
[Date "2022.03.29"]
[WhiteClock "0:00:43"]
[BlackClock "0:01:23"]

1. e4 c5 2. Nf3 e6 3. d3 Nc6 4. g3 Nf6 5. Bg2 Be7 6. O-O e5 7. Nc3 d6 8. Nh4 Nd4 9. f4 exf4 10. Bxf4 O-O 11. Be3 Ng4 12. Bxd4 cxd4 13. Nd5 Bxh4 14. gxh4 Qxh4 15. h3 Ne5 16. Rf4 Qg5 17. Kh2 Ng6 18. Rf2 Be6 19. Qc1 Qe5+ 20. Nf4 f5 21. Kg1 fxe4 22. Nxg6 hxg6 23. Rxf8+ Rxf8 24. dxe4 Bxh3 25. Qe1 Qg5 26. Qe2 Bxg2 27. Qxg2 Qe3+ 28. Kh1 Rf2 29. Qxg6 Qh3+ 30. Kg1 Qh2# 0-1


[Site "https://www.chess.com"]

[Event "Titled Tuesday Blitz March 29 Early 2022"]
[White "Bintang, Rasyid A. Hidayat"]
[Black "Rastbod, Ali"]
[WhiteFideId "7105355"]
[BlackFideId "12567477"]
[WhiteElo "2356"]
[BlackElo "2200"]
[Result "1-0"]
[Round "01"]
[TimeControl "180+1"]
[Date "2022.03.30"]
[WhiteClock "0:02:15"]
[BlackClock "0:02:26"]

1. d4 g6 2. Bf4 Bg7 3. Nc3 d5 4. e3 Nf6 5. h4 O-O 6. h5 c5 7. hxg6 hxg6 8. Nf3 Nc6 9. Qd2 Ne4 10. Nxe4 dxe4 11. Ne5 cxd4 12. Nxc6 bxc6 13. exd4 Qxd4 14. Qxd4 Bxd4 15. c3 Bb6 16. Bc4 Bf5 17. Be5 1-0


[Site "https://www.chess.com"]

[Event "Titled Tuesday Blitz March 29 Early 2022"]
[White "Bortnyk, Olexandr"]
[Black "Di Nicolantonio, Lucas"]
[WhiteFideId "14120828"]
[BlackFideId "680460"]
[WhiteElo "2723"]
[BlackElo "2381"]
[Result "1/2-1/2"]
[Round "01"]
[TimeControl "180+1"]
[Date "2022.03.29"]
[WhiteClock "0:01:10"]
[BlackClock "0:00:16"]

1. e4 g6 2. d4 Bg7 3. Nc3 d6 4. Nge2 Nf6 5. h3 O-O 6. g4 e5 7. Bg2 exd4 8. Nxd4 Nc6 9. Be3 Bd7 10. O-O Re8 11. f4 Nxd4 12. Bxd4 c5 13. Bxf6 Bxf6 14. Qxd6 Bd4+ 15. Kh1 Re6 16. Qd5 Qc7 17. Qg5 Bxc3 18. bxc3 Bc6 19. f5 Rxe4 20. f6 Re2 21. Qh6 Qh2+ 22. Kxh2 Rxg2+ 23. Kh1 Rg3+ 24. Kh2 Rg2+ 25. Kh1 Rxg4+ 26. Rf3 Bxf3+ 27. Kh2 Rg2+ 28. Kh1 Rg5+ 29. Kh2 Rg2+ 30. Kh1 Rg5+ 31. Kh2 Rg2+ 1/2-1/2


[Site "https://www.chess.com"]

[Event "Titled Tuesday Blitz March 29 Early 2022"]
[White "Brodowski, Piotr"]
[Black "Bongo Akanga Ndjila, Barthelemy"]
[WhiteFideId "1124480"]
[BlackFideId "10609431"]
[WhiteElo "2422"]
[BlackElo "1803"]
[Result "1-0"]
[Round "01"]
[TimeControl "180+1"]
[Date "2022.03.30"]
[WhiteClock "0:01:20"]
[BlackClock "0:00:07"]

1. e4 c6 2. Nc3 d5 3. Nf3 dxe4 4. Nxe4 Nf6 5. Qe2 Nxe4 6. Qxe4 Nd7 7. Bc4 Nf6 8. Qe2 e6 9. c3 Be7 10. d4 O-O 11. Bf4 Re8 12. O-O a5 13. a4 c5 14. Rad1 Qb6 15. dxc5 Bxc5 16. Bb5 Rf8 17. Ne5 Nd5 18. Bg3 Nc7 19. Nc4 Qa7 20. Bxc7 b6 21. Bd6 Bxd6 22. Nxd6 Qc7 23. Nxc8 Raxc8 24. Rd7 Qc5 25. h3 h6 26. Rfd1 Qf5 27. Qd3 Qf6 28. Qd4 Qxd4 29. R1xd4 Rc5 30. R4d6 Rf5 31. Rxb6 Re5 32. Kf1 Rc8 33. Rbd6 f6 34. Rd8+ Rxd8 35. Rxd8+ Kh7 36. Ra8 f5 37. Rxa5 1-0


[Site "https://www.chess.com"]

[Event "Titled Tuesday Blitz March 29 Early 2022"]
[White "Buscar, Michael"]
[Black "Tsvetkov, Andrey"]
[WhiteFideId "2603616"]
[BlackFideId "34139360"]
[WhiteElo "2010"]
[BlackElo "2280"]
[Result "0-1"]
[Round "01"]
[TimeControl "180+1"]
[Date "2022.03.30"]
[WhiteClock "0:01:39"]
[BlackClock "0:01:53"]

1. c4 e6 2. Nf3 d5 3. g3 dxc4 4. Qa4+ Nd7 5. Qxc4 a6 6. Bg2 b5 7. Qc2 Bb7 8. O-O c5 9. d3 Ngf6 10. Bf4 Be7 11. Nbd2 O-O 12. Rfc1 Qb6 13. Ne5 Rfd8 14. Ndf3 Nxe5 15. Nxe5 Bxg2 16. Kxg2 Nd5 17. a4 Rac8 18. Qd2 Bf6 19. Nf3 Nxf4+ 20. gxf4 c4 21. Ne1 bxa4 22. Rxa4 Qc6+ 23. f3 Qxa4 0-1


[Site "https://www.chess.com"]

[Event "Titled Tuesday Blitz March 29 Early 2022"]
[White "Bychkov, Vladimir"]
[Black "Janaszak, Dawid"]
[WhiteFideId "24151513"]
[BlackFideId "1119206"]
[WhiteElo "2253"]
[BlackElo "2199"]
[Result "1/2-1/2"]
[Round "01"]
[TimeControl "180+1"]
[Date "2022.03.30"]
[WhiteClock "0:00:16"]
[BlackClock "0:01:01"]

1. Nf3 Nf6 2. c4 d6 3. Nc3 g6 4. g3 Bg7 5. Bg2 O-O 6. O-O Nbd7 7. b4 a5 8. b5 e5 9. a4 Nh5 10. Nd5 f5 11. d3 e4 12. Bg5 Ndf6 13. Nd2 exd3 14. exd3 h6 15. Bxf6 Nxf6 16. Ra2 Ng4 17. Nf3 c6 18. Nf4 Kh7 19. bxc6 bxc6 20. h3 Nf6 21. Nd4 Qb6 22. Nxc6 Bb7 23. Qb1 Ra6 24. Qxb6 Rxb6 25. Nd4 Re8 26. Bxb7 Rxb7 27. Nb5 Rb6 28. Kg2 g5 29. Nd5 Nxd5 30. cxd5 Re5 31. Rc2 Rxd5 32. Rc7 Rxd3 33. Re1 d5 34. Ree7 Rg6 35. Rcd7 Kg8 36. Nc7 Bf8 37. Re8 Rg7 38. Rxf8+ Kxf8 39. Ne6+ Ke8 40. Rxg7 Ra3 41. Nc7+ Kf8 42. Rh7 Rxa4 43. Nxd5 Rd4 44. Nc7 Rd6 45. Nb5 Ra6 46. Ra7 Rxa7 47. Nxa7 Ke7 48. Kf3 Kd6 49. g4 fxg4+ 50. hxg4 Kc5 51. Ke3 a4 52. Kd3 a3 53. Kc3 Kd5 54. Nb5 a2 55. Kb2 Ke4 56. Nd6+ Kf3 57. Nf5 Kxg4 58. Nxh6+ Kf3 59. Kxa2 Kxf2 60. Kb3 Kg3 61. Kc4 Kh4 62. Kd4 Kh5 63. Nf5 Kg4 64. Nh6+ Kh5 65. Nf5 g4 66. Ke3 Kg5 67. Ng3 Kh4 68. Kf4 Kh3 69. Nf5 g3 70. Nxg3 1/2-1/2


[Site "https://www.chess.com"]

[Event "Titled Tuesday Blitz March 29 Early 2022"]
[White "Chernomordik, Pavel"]
[Black "Beerdsen, Thomas"]
[WhiteFideId "2804530"]
[BlackFideId "1030108"]
[WhiteElo "2249"]
[BlackElo "2585"]
[Result "1-0"]
[Round "01"]
[TimeControl "180+1"]
[Date "2022.03.30"]
[WhiteClock "0:00:28"]
[BlackClock "0:00:42"]

1. e4 e5 2. Nf3 Nc6 3. Bb5 f5 4. d4 fxe4 5. Bxc6 dxc6 6. Nxe5 Nf6 7. Nc3 Bb4 8. O-O Bxc3 9. bxc3 O-O 10. Qe2 Qe8 11. Ba3 Bf5 12. Bxf8 Kxf8 13. f3 Kg8 14. fxe4 Bxe4 15. Rf4 Bd5 16. c4 Be6 17. Raf1 Qe7 18. h3 Re8 19. Qf3 Qd6 20. Kh1 Rf8 21. g4 h6 22. Qg2 b5 23. g5 hxg5 24. Qxg5 Bxh3 25. Rg1 Ne8 26. Rh4 Rf5 27. Qg6 Qxg6 28. Nxg6 Rf3 29. Rh8+ Kf7 30. Rf8+ Ke6 31. Rxf3 1-0


[Site "https://www.chess.com"]

[Event "Titled Tuesday Blitz March 29 Early 2022"]
[White "Chernyavsky, Alexander"]
[Black "Bashirli, Nail"]
[WhiteFideId "24131156"]
[BlackFideId "13406809"]
[WhiteElo "2292"]
[BlackElo "2333"]
[Result "1-0"]
[Round "01"]
[TimeControl "180+1"]
[Date "2022.03.30"]
[WhiteClock "0:00:13"]
[BlackClock "0:00:02"]

1. c4 Nf6 2. Nc3 e5 3. g3 c6 4. Nf3 e4 5. Nd4 Qb6 6. e3 d6 7. Qc2 c5 8. Nb3 Bf5 9. Bg2 Nc6 10. Nxe4 Bxe4 11. Bxe4 Nb4 12. Qb1 d5 13. Bxd5 Nbxd5 14. cxd5 c4 15. Nd4 Bc5 16. Nf5 O-O-O 17. b4 Rxd5 18. a3 Bf8 19. Qc2 Qc6 20. Bb2 Rd7 21. O-O b5 22. a4 bxa4 23. Rxa4 Qe4 24. Rc1 Qxc2 25. Rxc2 Kb7 26. b5 Bc5 27. Nxg7 Ne4 28. Raxc4 f5 29. Nxf5 Re8 30. d4 Bb6 31. Kg2 Nf6 32. Ba3 Ne4 33. f3 Ng5 34. Nd6+ Rxd6 35. Bxd6 Rxe3 36. Bf4 Rd3 37. Bxg5 Bxd4 38. Rc7+ Kb6 39. Rxh7 Kxb5 40. Rd7 a5 41. Bf6 Rc3 42. Rxc3 1-0


[Site "https://www.chess.com"]

[Event "Titled Tuesday Blitz March 29 Early 2022"]
[White "Chigaev, Maksim"]
[Black "Garagulya, Konstantin"]
[WhiteFideId "4108116"]
[BlackFideId "4128931"]
[WhiteElo "2502"]
[BlackElo "2329"]
[Result "0-1"]
[Round "01"]
[TimeControl "180+1"]
[Date "2022.03.29"]
[WhiteClock "0:00:05"]
[BlackClock "0:00:03"]

1. e4 c5 2. b3 Nc6 3. Bb2 e6 4. Nf3 d5 5. exd5 Qxd5 6. Nc3 Qd8 7. Bb5 Bd7 8. O-O Nf6 9. Re1 Be7 10. d4 a6 11. Bf1 cxd4 12. Nxd4 O-O 13. Nce2 b5 14. a4 b4 15. Nxc6 Bxc6 16. Qxd8 Rfxd8 17. Nd4 Bd5 18. Nf5 Bc5 19. Ne3 Bb7 20. Rad1 Nd5 21. Nxd5 Bxd5 22. Bd3 a5 23. h4 h5 24. g3 Rac8 25. Ba6 Ra8 26. Bd3 Rac8 27. Re5 g6 28. Ree1 Bf8 29. Bf6 Rd7 30. Be4 Bg7 31. Bg5 Rc5 32. Be3 Rc3 33. Rd2 Bf6 34. Red1 Kg7 35. Bxd5 exd5 36. Kf1 d4 37. Bf4 Rd5 38. Re2 Rdc5 39. Re8 Rxc2 40. Bd6 Rc8 41. Rxc8 Rxc8 42. Ke2 Rc3 43. Rd3 Rc2+ 44. Kf3 Rc3 45. Ke4 Rc2 46. f4 Rc3 47. Bb8 Rc8 48. Ba7 Re8+ 49. Kf3 Rd8 50. Bb6 Rd5 51. Ke4 Rd6 52. Bc5 Rd7 53. Bxd4 Bxd4 54. Rxd4 Re7+ 55. Kf3 Rc7 56. Ke4 Rc3 57. Rd3 Rc2 58. Ke5 f6+ 59. Ke6 Rc6+ 60. Kd7 Rc3 61. Rd5 Rxb3 62. Rxa5 Rxg3 63. Rb5 Ra3 64. Rxb4 g5 65. hxg5 fxg5 66. f5 Kf6 67. Kd6 Kxf5 68. Kc5 h4 69. Kb5 g4 70. a5 h3 71. Rb1 g3 72. a6 h2 0-1


[Site "https://www.chess.com"]

[Event "Titled Tuesday Blitz March 29 Early 2022"]
[White "Csonka, Balazs"]
[Black "Oro, Luis"]
[WhiteFideId "742910"]
[BlackFideId "104094"]
[WhiteElo "2404"]
[BlackElo "2346"]
[Result "1-0"]
[Round "01"]
[TimeControl "180+1"]
[Date "2022.03.30"]
[WhiteClock "0:00:36"]
[BlackClock "0:01:22"]

1. e4 c5 2. Nf3 d6 3. Bb5+ Bd7 4. c4 a6 5. Bxd7+ Qxd7 6. O-O Nc6 7. d4 cxd4 8. Nxd4 g6 9. b3 Bg7 10. Bb2 Nf6 11. Nc3 O-O 12. Nd5 Nxd4 13. Bxd4 Nxd5 14. Bxg7 Kxg7 15. exd5 Rfe8 16. a4 b5 17. cxb5 axb5 18. a5 Rec8 19. Re1 Ra6 20. b4 Rc4 21. Qd2 Qc7 22. Rac1 f6 23. Rxc4 bxc4 24. Qe2 Kf8 25. Rc1 Qb7 26. Qxc4 Kf7 27. Qc8 Qb5 28. Qe6+ Kg7 29. Qxe7+ Kh6 30. Qe3+ g5 31. Qd4 Kg6 32. h4 Qe2 33. hxg5 fxg5 34. Qc4 Qxc4 35. Rxc4 Kf5 36. Rc6 Ra8 37. Rxd6 1-0


[Site "https://www.chess.com"]